 Dungeon Crawl Stone Soup version 0.28.0-53-g5a82cb258f (webtiles) character file.

Game seed: 17250064127971002945

245 issech the Bolt Thrower (level 5, -2/46 HPs)
             Began as a Minotaur Hunter on May 21, 2022.
             Slain by Grinder (5 damage)
             ... on level 3 of the Dungeon.
             The game lasted 00:07:43 (2179 turns).

issech the Bolt Thrower (Minotaur Hunter)           Turns: 2179, Time: 00:07:44

Health: -2/46      AC:  8    Str: 16    XL:     5   Next: 84%
Magic:  4/4        EV:  7    Int:  8    God:
Gold:   64         SH:  0    Dex: 13    Spells: 4/4 levels left

rFire   . . .      SeeInvis .   s - +0 flail
rCold   . . .      Faith    .   (no shield)
rNeg    . . .      Spirit   .   i - +0 chain mail
rPois   .          Reflect  .   (helmet restricted)
rElec   .          Harm     .   (no cloak)
rCorr   .          Rampage  .   (no gloves)
Will    .....                   (no boots)
Stlth   ..........              (no amulet)
HPRegen 0.15/turn               (no ring)
MPRegen 0.09/turn               (no ring)

@: no status effects
A: horns 2, retaliatory headbutt
a: no special abilities


You were on level 3 of the Dungeon.
You visited 1 branch of the dungeon, and saw 3 of its levels.

You collected 64 gold pieces.

Inventory:

Hand Weapons
 a - a +1 hand crossbow
 h - a +0 hunting sling
 n - a +0 hand axe
 s - a +0 flail (weapon)
 t - a +0 falchion
 v - a +0 rapier
 w - a +0 spear
Missiles
 d - 26 bolts
 e - 21 arrows
 f - 112 stones (quivered)
 j - a throwing net
Armour
 c - a +0 leather armour
 i - a +0 chain mail (worn)
 r - a +0 ring mail
Magical Staves
 y - a staff of earth
Scrolls
 b - a scroll of identify {unknown}
 k - a scroll of fear {unknown}
 m - a scroll of noise {unknown}
Potions
 g - 2 potions of ambrosia {unknown}
 l - 2 potions of mutation {unknown}
 o - a potion of brilliance {unknown}
 p - a potion of curing {unknown}
 q - a potion of flight {unknown}
 u - a potion of cancellation {unknown}


   Skills:
 + Level 3.9 Fighting
 + Level 0.6 Maces & Flails
 + Level 1.2(1.3) Slings
 + Level 6.6 Crossbows
 + Level 0.7(1.1) Throwing
 + Level 1.4 Armour
 + Level 2.3 Dodging
 + Level 0.8 Stealth


You had 4 spell levels left.
You didn't know any spells.
Your spell library was empty.

Dungeon Overview and Level Annotations

Branches:
Dungeon (3/15)

Altars:

Annotations:
D:3 Grinder


Innate Abilities, Weirdness & Mutations

You have a pair of horns on your head.
You reflexively headbutt those who attack you in melee.


Message History

You hit Grinder but do no damage. You headbutt Grinder.
Grinder is lightly wounded.
Grinder completely misses you. Grinder gestures at you.
Pain shoots through your body!
You hit Grinder.
Grinder is lightly wounded.
Grinder barely misses you.
You hit Grinder but do no damage.
Grinder is lightly wounded.
Grinder hits you but does no damage. Grinder gestures at you.
You suddenly lose the ability to move!
Grinder gestures at you.
You barely resist. Grinder hits you but does no damage. Grinder hits you.
You writhe in agony.
Grinder hits you.
You writhe in agony.
You can move again.
Unknown command.
You barely miss Grinder. Your headbutt misses Grinder.
Grinder is lightly wounded.
Grinder gestures at you. Pain shoots through your body!
You barely miss Grinder. Your headbutt misses Grinder.
Grinder is lightly wounded.
Grinder hits you but does no damage.
You barely miss Grinder. You headbutt Grinder!
Grinder is moderately wounded.
Grinder barely misses you. You furiously retaliate!
You headbutt Grinder. Grinder gestures at you. Pain shoots through your body!
* * * LOW HITPOINT WARNING * * *
Unknown command.
You closely miss Grinder.
Grinder is heavily wounded.
Grinder hits you.
* * * LOW HITPOINT WARNING * * *
You writhe in agony.
You die...

##....รท....>.#.###.#
###.#.##..........#
#.#.##.##########
#.#.##.# # #.#.##.# .
#.#.##.# #. #<#.##.#
####.#### #)#.##.#
........### #@#.##.#
#.r<.....# ##5#.##.#
#.#.##.#.###....##.#
#5#.##.....##.#
#.#...r.......#
#.####.....####
#.........##
#...........##
#############


You could see Grinder and a rat.

Vanquished Creatures
  A black bear (D:2)
  A centaur skeleton (D:3)
  3 gnolls (D:2)
  4 adders
  7 dart slugs
  An orc (D:3)
  3 endoplasms
  2 giant cockroaches
  3 goblins
  5 hobgoblins
  2 jackals (D:1)
  3 quokkas
  3 ball pythons
  6 bats
  2 frilled lizards
  3 kobolds
  4 rats
53 creatures vanquished.

Notes
Turn   | Place    | Note
-------+----------+-------------------------------------------
     0 | D:1      | issech the Minotaur Hunter began the quest for the Orb.
     0 | D:1      | Reached XP level 1. HP: 18/18 MP: 0/0
   204 | D:1      | Found a faded altar of an unknown god.
   212 | D:1      | Reached XP level 2. HP: 25/25 MP: 1/1
   262 | D:1      | Reached skill level 5 in Crossbows
   732 | D:2      | Reached XP level 3. HP: 31/31 MP: 2/2
   808 | D:2      | Reached XP level 4. HP: 36/38 MP: 3/3
   881 | D:2      | Noticed a black bear
   916 | D:2      | Killed a black bear
   917 | D:2      | Reached skill level 1 in Slings
   917 | D:2      | Reached skill level 6 in Crossbows
   917 | D:2      | Reached skill level 1 in Armour
   917 | D:2      | Reached XP level 5. HP: 21/46 MP: 4/4
  2077 | D:3      | Noticed Grinder
  2093 | D:3      | Paralysed by Grinder for 2 turns
  2171 | D:3      | Paralysed by Grinder for 5 turns
  2179 | D:3      | Slain by Grinder

Illustrated notes

Levels and vault maps discovered:
D:1:      dpeg_arrival_three_same_balls, layout_rooms,
          hellmonk_ecumenical_altar_heavens_door, chequers_serial_rivers_micro_e
D:2:      layout_rooms, serial_curves, eino_curves_04, eino_curves_02,
          eino_curves_02, minmay_hedge_maze
D:3:      layout_loops_ring, nrook_mini_vaults, uniq_grinder

Skill      XL: |  1  2  3  4 |
---------------+-------------+-----
Crossbows      | 5 6 |  6.6
Fighting       | 3 |  3.9
Slings         | 1 |  1.2
Armour         | 1 |  1.4
Maces & Flails | |  0.6
Throwing       | |  0.7
Dodging        | |  2.3
Stealth        | |  0.8

Action                   |  1- 3 |  4- 6 || total
-------------------------+-------+-------++-------
Melee: Flail             |       |    43 ||    43
       Headbutt          |       |     9 ||     9
 Fire: Hand crossbow     |    54 |    30 ||    84
       Hunting sling     |       |     8 ||     8
Throw: Stone             |       |    23 ||    23
Armor: Chain mail        |     7 |    47 ||    54
Dodge: Dodged            |     5 |    27 ||    32
